 Dungeon Crawl Stone Soup version 0.29.1-2-gbd0b4ee654 (webtiles) character file.

Game seed: 6131638782308164734

37 styxcanada the Sneak (level 3, 0/18 HPs)
             Began as a Spriggan Brigand on Nov 3, 2022.
             Frozen to death by an endoplasm (5 damage)
             ... on level 1 of the Dungeon.
             The game lasted 00:03:14 (1029 turns).

styxcanada the Sneak (Spriggan Brigand)             Turns: 1029, Time: 00:03:15

Health: 0/18       AC:  3    Str:  7    XL:     3   Next: 23%
Magic:  4/4        EV: 16    Int: 12    God:
Gold:   20         SH:  0    Dex: 18    Spells: 2/2 levels left

rFire   . . .      SeeInvis +   i - +2 dagger (venom)
rCold   . . .      Faith    .   (no shield)
rNeg    . . .      Spirit   .   b - +0 robe
rPois   .          Reflect  .   j - +0 hat
rElec   .          Harm     .   c - +0 cloak
rCorr   .          Rampage  .   (gloves unavailable)
Will    .....                   (boots unavailable)
Stlth   ++++......              (no amulet)
HPRegen 0.06/turn               (no ring)
MPRegen 0.09/turn               (no ring)

@: very quick
A: very small, no large weapons, unfitting armour, see invisible, speed 3
a: no special abilities


You were on level 1 of the Dungeon.
You visited 1 branch of the dungeon, and saw 1 of its levels.

You collected 20 gold pieces.

Inventory:

Hand Weapons
 a - a +2 dagger
 i - a +2 dagger of venom (weapon)
Missiles
 d - 12 poisoned darts (quivered)
 e - 3 curare-tipped darts
 o - 21 stones
Armour
 b - a +0 robe (worn)
 c - a +0 cloak (worn)
 j - a +0 hat (worn)
Scrolls
 f - a scroll of fear {unknown}
 h - 2 scrolls of identify {unknown}
 k - a scroll of summoning {unknown}
 l - a scroll of fog {unknown}
Potions
 g - a potion of attraction {unknown}
 m - a potion of curing {unknown}
 n - 2 potions of haste {unknown}


   Skills:
 * Level 1.7 Fighting
 + Level 2.2 Short Blades
 + Level 2.0 Throwing
 * Level 1.5 Dodging
 * Level 7.5 Stealth


You had 2 spell levels left.
You didn't know any spells.
Your spell library contained the following spells:

 Spells                   Type           Power      Damage    Failure   Level
 Apportation              Tloc           0%         N/A       32%         1
 Necrotise                Necr           0%         1d4       32%         1
 Summon Small Mammal      Summ           0%         N/A       32%         1


Dungeon Overview and Level Annotations

Branches:
Dungeon (1/15)

Altars:


Innate Abilities, Weirdness & Mutations

You are very small and have problems with some larger weapons.
You are too small for most types of armour.
You have supernaturally acute eyesight. (SInv)
You cover ground extremely quickly. (Speed+++)


Message History

The jackal bites you. The giant cockroach barely misses you.
There is an open door here.
You hit the giant cockroach but do no damage.
The giant cockroach is poisoned.
The giant cockroach misses you.
You hit the giant cockroach.
The giant cockroach looks even sicker.
The giant cockroach is almost dead.
You kill the giant cockroach!
You hit the rat but do no damage.
The rat is poisoned.
The rat bites you.
You hit the rat.
You kill the rat!
You hit the jackal.
The jackal is poisoned.
The jackal is severely wounded.
You kill the jackal!
The giant cockroach misses you. The endoplasm freezes you.
You are frozen.
Things that are here:
a jackal corpse; a rat corpse You hit the endoplasm.
You punch the endoplasm, but do no damage.
The endoplasm is moderately wounded.
The giant cockroach misses you. The endoplasm freezes you.
You are frozen.
You hit the giant cockroach but do no damage.
The giant cockroach is poisoned.
The giant cockroach barely misses you. The endoplasm misses you.
You kill the giant cockroach!
You hit the endoplasm.
You kill the endoplasm!
You hit the endoplasm.
The endoplasm is moderately wounded.
The endoplasm freezes you.
You are frozen.
* * * LOW HITPOINT WARNING * * *
You barely miss the endoplasm.
The endoplasm is moderately wounded.
The endoplasm freezes you.
You are frozen.
You die...

.....#################....###.###
.~.~.).[..................+......
.~~~..################....###.###
.....## #....###.... .....#
######...### #~.###
############...### ####
#.................
#.###############. ####
#@#.............#. ..'######
#J#....w.J......#. .##≈≈≈≈≈#
##B#JrJ..B.......#. ..#≈....#
#..#######J#######. ###≈....#
#..#.h...h.......#. #≈....###
#.÷'⌠.rJB###....⌠'. ######'.##
##..#......<......#.
#.###..###...#..⌠...>...⌠..#. #.#
##..##†#.###+#######'###.


You could see an endoplasm and a giant cockroach.

Vanquished Creatures
  A dart slug (D:1)
  A ball python (D:1)
  3 bats (D:1)
  3 endoplasms (D:1)
  4 giant cockroaches (D:1)
  4 goblins (D:1)
  2 hobgoblins (D:1)
  A jackal (D:1)
  4 kobolds (D:1)
  3 quokkas (D:1)
  3 rats (D:1)
29 creatures vanquished.

Notes
Turn   | Place    | Note
-------+----------+-------------------------------------------
     0 | D:1      | styxcanada the Spriggan Brigand began the quest for the
                  | Orb.
     0 | D:1      | Reached XP level 1. HP: 10/10 MP: 2/2
     1 | D:1      | Found a runed translucent door.
     2 | D:1      | Noticed a jelly
    16 | D:1      | Reached skill level 6 in Stealth
    74 | D:1      | Found a faded altar of an unknown god.
   121 | D:1      | Reached XP level 2. HP: 14/14 MP: 3/3
   432 | D:1      | Reached skill level 7 in Stealth
   713 | D:1      | Reached XP level 3. HP: 18/18 MP: 4/4
  1029 | D:1      | Frozen to death by an endoplasm

Illustrated notes

Levels and vault maps discovered:
D:1:      dpeg_arrival_caged_fury, layout_basic,
          hellmonk_ecumenical_altar_arch_garden, serial_rivers,
          chequers_serial_rivers_micro_b, chequers_serial_rivers_room_a,
          chequers_serial_rivers_micro_c, chequers_serial_rivers_marsh,
          chequers_serial_rivers_large_a, chequers_serial_rivers_room_b

Skill      XL: |  1  2 |
---------------+-------+-----
Stealth        | 6 7 |  7.5
Fighting       | |  1.7
Short Blades   | |  2.2
Throwing       | |  2.0
Dodging        | |  1.5

Action                   || total
-------------------------++-------
Melee: Dagger            ||    49
       Punch             ||     1
 Stab: Sleeping          ||    10
Armor: Robe              ||     3
Dodge: Dodged            ||    25
